 Dungeon Crawl Stone Soup version 0.25.0-33-gff14898 (webtiles) character file.

Game seed: 558767038760085611

6330 Gadfly the Thaumaturge (level 10, -3/56 HPs)
             Began as a Deep Elf Venom Mage on July 7, 2020.
             Was a Follower of Vehumet.
             Slain by a two-headed hydra (8 damage)
             ... on level 8 of the Dungeon.
             The game lasted 00:25:59 (9989 turns).

Gadfly the Thaumaturge (Deep Elf Venom Mage)        Turns: 9989, Time: 00:25:59

Health: -3/56      AC:  6    Str:  5    XL:     10   Next: 64%
Magic:  28/34      EV: 21    Int: 24    God:    Vehumet [*.....]
Gold:   2574       SH:  0    Dex: 15    Spells: 16/28 levels left

rFire    . . .     SeeInvis .   b - +3 scimitar (flame)
rCold    . . .     Gourm    .   (no shield)
rNeg     . . .     Faith    .   j - +0 robe
rPois    .         Spirit   .   w - +0 helmet
rElec    .         Reflect  .   g - +0 cloak
rCorr    .         Harm     .   (no gloves)
MR       +....                  C - +1 pair of boots
Stlth    ++........             H - amulet of the acrobat
HPRegen  0.18/turn              n - ring of magical power
MPRegen  0.24/turn              v - +4 ring of evasion

@: no status effects
A: no striking features
a: Renounce Religion


You were on level 8 of the Dungeon.
You worshipped Vehumet.
Vehumet was aware of your devotion.
You were not hungry.

You visited 2 branches of the dungeon, and saw 9 of its levels.
You also visited: Sewer.

You collected 2574 gold pieces.

Inventory:

Hand Weapons
 a - a +1 rapier of electrocution
 b - a +3 scimitar of flaming (weapon)
 c - a +1 flail of draining
 t - a +4 short sword
 x - a +1 vorpal mace
Missiles
 J - a throwing net (quivered)
Armour
 g - a +0 cloak (worn)
 j - a +0 robe (worn)
 w - a +0 helmet (worn)
 y - a +0 leather armour of cold resistance
 C - a +1 pair of boots (worn)
Jewellery
 f - a +4 ring of slaying
 n - a ring of magical power (left hand)
 o - an uncursed ring of protection from magic
 p - an uncursed ring of positive energy
 v - a +4 ring of evasion (right hand)
 H - an amulet of the acrobat (around neck)
Wands
 r - a wand of polymorph (9)
 u - a wand of flame (19)
 E - a wand of digging (8)
Scrolls
 d - 3 scrolls of magic mapping
 h - 4 scrolls of enchant weapon
 i - 3 scrolls of identify
 m - 5 scrolls of remove curse
 s - a scroll of fear
 F - 3 scrolls of amnesia
Potions
 e - 11 potions of curing
 k - a potion of haste
 l - 2 potions of resistance
 q - 2 potions of mutation
 z - 5 potions of heal wounds
 A - a potion of might
 B - 2 potions of brilliance
 D - 2 potions of flight
 K - a potion of lignification
Comestibles
 G - 2 chunks of flesh
 I - 15 rations


   Skills:
 - Level 3.4 Fighting
 - Level 7.9 Dodging
 - Level 2.4 Stealth
 - Level 9.5 Spellcasting
 + Level 4.7 Conjurations
 - Level 7.6 Transmutations
 - Level 4.9 Fire Magic
 - Level 8.3 Poison Magic
 - Level 4.4 Evocations


You had 16 spell levels left.
You knew the following spells:

 Your Spells              Type           Power        Failure   Level  Hunger
a - Sting                 Tmut/Pois      ####         1%          1    None
b - Poisonous Vapours     Pois/Air       ####..       1%          2    None
c - Ignite Poison         Fire/Tmut/Pois #####...     1%          3    None
d - Olgreb's Toxic Radia  Pois           ######..     1%          4    ##.....
e - Summon Butterflies    Summ           ##......     5%          1    None
f - Foxfire               Conj/Fire      ####         1%          1    None

Your spell library contained the following spells:

 Spells                   Type           Power        Failure   Level  Hunger
 Mephitic Cloud           Conj/Pois/Air  ####....     2%          3    None
 Petrify                  Tmut/Erth      ####....     12%         4    ##.....
 Call Canine Familiar     Summ           ##......     17%         3    None
 Confusing Touch          Hex            ##......     17%         3    None
 Gell's Gravitas          Tloc           ##........   17%         3    None
 Yara's Violent Unravell  Hex/Tmut       ####......   32%         5    ####...
 Summon Ice Beast         Ice/Summ       ##......     50%         4    ##.....
 Metabolic Englaciation   Hex/Ice        ##........   83%         5    ####...
 Summon Mana Viper        Hex/Summ       ##......     83%         5    ####...
 Summon Hydra             Summ           ##........   100%        7    #######


Dungeon Overview and Level Annotations

Branches:
Dungeon (8/15)             Temple (1/1) D:6            Lair (0/6) D:8
  Sewer (visited)

Altars:
Ashenzari
Cheibriados
Dithmenos
Elyvilon
Fedhas
Gozag
Hepliaklqana
Makhleb
Nemelex Xobeh
Okawaru
Qazlal
Ru
Sif Muna
Trog
Uskayaw
Vehumet
Wu Jian
Xom
Yredelemnul
Zin

Shops:
D:5 (

Annotations:
D:2 Natasha


Message History

Vehumet accepts your kill. The three-headed hydra misses you.
You riposte.
You slash the three-headed hydra! You burn the three-headed hydra.
The three-headed hydra is lightly wounded.
The three-headed hydra bites you!
The three-headed hydra barely misses you.
The three-headed hydra bites you!
The three-headed hydra barely misses you.
The three-headed hydra closely misses you.
You chop one of the three-headed hydra's heads off!
The flame cauterises the wound!
You hit the two-headed hydra. You burn the two-headed hydra.
The two-headed hydra is moderately wounded.
Your toxic aura wanes.
The two-headed hydra bites you! x2
* * * LOW HITPOINT WARNING * * *
You feel better. The two-headed hydra bites you!
* * * LOW HITPOINT WARNING * * *
The two-headed hydra bites you!
You die...

#....# #.##.##### #.##.....# #
#.####.######## # #[# #........#
# #.# ########### # #.#
#..#.....#
##########.#####..'....≈#
'.............>#@.'.P...###
##...#####.###.#D÷'†...≈..#
.........#.# #.#).#.....#.#
.........#.# #.#'##P≈P†≈#.#
.........#.###+#%.#≈≈)≈P#.#
...............#.)+.P≈PP#.#######
.###...........##########........
.# #.########....# #..##########
.# #.#...........####...#


You could see a two-headed hydra.

Vanquished Creatures
  Harold (D:7)
  A two-headed ogre (D:8)
  Erica (D:8)
  3 centaur skeletons
  Prince Ribbit (D:7)
  A hippogriff (D:7)
  2 dream sheep (D:8)
  Eustachio (D:6)
  2 yaks (D:8)
  3 wargs (D:8)
  Duvessa (D:6)
  An ice beast (D:8)
  A black bear (D:6)
  2 necrophages
  2 ogres
  A phantom (D:4)
  2 centaurs
  5 big kobolds
  Dowan (D:6)
  2 scorpions
  3 howler monkeys
  2 crimson imps
  A hound (D:4)
  4 orc priests
  4 orc wizards
  A gnoll shaman (D:5)
  Natasha (D:2)
  2 iguanas
  5 worker ants
  Terence (D:2)
  A killer bee zombie (D:5)
  A hound skeleton (D:6)
  A worker ant zombie (D:5)
  Robin (D:4)
  5 gnolls (D:5)
  15 adders
  6 river rats (Sewer)
  2 oozes (D:2)
  An adder skeleton (D:4)
  2 worms
  2 dart slugs
  4 leopard geckos
  16 orcs
  8 giant cockroaches
  12 goblins
  11 hobgoblins
  13 jackals
  3 quokkas
  5 ball pythons
  11 bats
  3 frilled lizards
  16 kobolds
  24 rats
  A spectral orc (D:6)
222 creatures vanquished.

Vanquished Creatures (others)
  6 foxfires (D:8)
6 creatures vanquished.

Grand Total: 228 creatures vanquished

Notes
Turn   | Place    | Note
-------+----------+-------------------------------------------
     0 | D:1      | Gadfly the Deep Elf Venom Mage began the quest for the Orb.
     0 | D:1      | Reached XP level 1. HP: 10/10 MP: 6/6
   145 | D:1      | Reached XP level 2. HP: 9/15 MP: 2/8
   311 | D:1      | Learned a level 2 spell: Poisonous Vapours
   906 | D:1      | Reached XP level 3. HP: 19/19 MP: 10/10
   989 | D:1      | Learned a level 3 spell: Ignite Poison
  1236 | D:2      | Reached skill level 4 in Spellcasting
  1394 | D:2      | Noticed Natasha
  1400 | D:2      | Killed Natasha
  1400 | D:2      | Reached XP level 4. HP: 18/24 MP: 12/12
  1756 | D:2      | Noticed a centaur
  1764 | D:2      | Reached skill level 1 in Fire Magic
  1766 | D:2      | Killed a centaur
  1766 | D:2      | Reached XP level 5. HP: 8/28 MP: 10/14
  1989 | D:2      | Learned a level 4 spell: Olgreb's Toxic Radiance
  2025 | D:2      | Noticed Terence
  2028 | D:2      | Killed Terence
  2458 | D:2      | Found a faded altar of an unknown god.
  2552 | D:2      | Noticed Natasha
  2686 | D:3      | Reached skill level 5 in Spellcasting
  2686 | D:3      | Reached XP level 6. HP: 9/32 MP: 12/15
  3474 | D:4      | Reached skill level 5 in Poison Magic
  3492 | D:3      | Reached skill level 1 in Fighting
  3641 | D:4      | Reached XP level 7. HP: 26/38 MP: 17/17
  3642 | D:4      | Reached skill level 1 in Evocations
  3672 | D:4      | Found a hazy altar of Hepliaklqana.
  3673 | D:4      | Found a shadowy altar of Dithmenos.
  3675 | D:4      | Noticed a shadow
  3723 | D:4      | Noticed Robin
  3729 | D:4      | Killed Robin
  4119 | D:4      | Found a glowing drain.
  4138 | Sewer    | Entered a sewer
  4157 | Sewer    | Reached skill level 6 in Spellcasting
  4909 | Sewer    | Identified a scroll of acquirement
  5007 | D:4      | Reached XP level 8. HP: 18/44 MP: 19/19
  5010 | D:4      | Learned a level 1 spell: Summon Butterflies
  5490 | D:5      | Entered Level 5 of the Dungeon
  5612 | D:5      | Reached skill level 5 in Transmutations
  5716 | D:5      | Found a snail-covered altar of Cheibriados.
  6020 | D:5      | Found Rawy's Weapon Shop.
  6036 | D:5      | Reached skill level 5 in Dodging
  6415 | D:6      | Found a staircase to the Ecumenical Temple.
  6446 | Temple   | Entered the Ecumenical Temple
  6456 | Temple   | Became a worshipper of Vehumet
  6574 | D:6      | Reached skill level 7 in Spellcasting
  6744 | D:6      | Noticed Eustachio
  6747 | D:6      | Killed Eustachio
  6858 | D:6      | Found an iron altar of Okawaru.
  6858 | D:6      | Noticed Duvessa
  6858 | D:6      | Noticed Dowan
  6862 | D:6      | Killed Duvessa
  6862 | D:6      | Killed Dowan
  6991 | D:6      | Found a basalt altar of Yredelemnul.
  7025 | D:6      | Found a glowing silver altar of Zin.
  7366 | D:7      | Reached XP level 9. HP: 48/49 MP: 22/22
  7626 | D:7      | Reached skill level 8 in Spellcasting
  7671 | D:7      | Found a bloodstained altar of Trog.
  7745 | D:7      | Found an ornate altar of the Wu Jian Council.
  7867 | D:7      | Noticed Harold
  7882 | D:7      | Killed Harold
  8255 | D:7      | Found the +5 scythe "Finisher" {speed, eviscerate}
  8255 | D:7      | Found a shattered altar of Ashenzari.
  8356 | D:7      | Noticed Prince Ribbit
  8365 | D:7      | HP: 1/49 [Prince Ribbit (19)]
  8366 | D:7      | Killed Prince Ribbit
  8806 | D:8      | Noticed Erica
  8813 | D:8      | Killed Erica
  8813 | D:8      | Reached skill level 9 in Spellcasting
  8813 | D:8      | Reached XP level 10. HP: 56/56 MP: 22/25
  8990 | D:8      | Found a staircase to the Lair.
  8996 | D:8      | Reached * piety under Vehumet
  8996 | D:8      | Offered knowledge of Foxfire by Vehumet.
  9327 | D:8      | Found a snail-covered altar of Cheibriados.
  9498 | D:8      | Learned a level 1 spell: Foxfire
  9551 | D:8      | Found a shimmering blue altar of Sif Muna.
  9596 | D:8      | Noticed a two-headed ogre
  9605 | D:8      | Killed a two-headed ogre
  9896 | D:8      | Reached skill level 1 in Conjurations
  9981 | D:8      | Noticed a three-headed hydra
  9989 | D:8      | Slain by a two-headed hydra

Illustrated notes

Levels and vault maps discovered:
D:1:      dpeg_arrival_court, layout_rooms, minmay_pentomino_o2
D:2:      layout_basic, chequers_ecumenical_altar_grove, uniq_terence,
          uniq_natasha
D:3:      layout_basic, first_ration
D:4:      layout_cave_pools, riverfiend_overflow_shadow_ancestor,
          portal_sewer_entry_c, uniq_robin
D:5:      layout_basic, basic_altar, serial_shops, shop, mrwooster_statue_mirror
D:6:      layout_gridville, yredelemnul_forgotten_temple_becter,
          lemuel_crystal_altar, minmay_temple_entry_ruins,
          okawaru_ov_weapons_minmay, uniq_eustachio, uniq_duvessa
D:7:      layout_basic, overflow_temple_1_default, bloody_trog,
          kennysheep_mini_moat, uniq_harold, uniq_prince_ribbit1
D:8:      kennysheep_blocky_hall, layout_basic, erik_lair_orcish_takeover,
          basic_altar, hangedman_ranch [blue_anna_fruit_fields],
          cheibriados_altar_1, uniq_erica
Temple:   cyrus_circular_temple

Skill      XL: |  1  2  3  4  5  6  7  8  9 10 |
---------------+-------------------------------+-----
Transmutations | 2 3 4 5 7 |  7.6
Spellcasting   | 4 5 6 7 9 |  9.5
Poison Magic   | 4 5 6 7 8 |  8.3
Dodging        | 3 4 5 7 |  7.9
Fire Magic     | 1 2 3 4 |  4.9
Fighting       | 1 2 3 |  3.4
Evocations     | 1 2 4 |  4.4
Conjurations   | 4 |  4.7
Stealth        | |  2.4

Action                   |  1- 3 |  4- 6 |  7- 9 | 10-12 || total
-------------------------+-------+-------+-------+-------++-------
Melee: Unarmed           |     2 |       |       |       ||     2
       Short sword       |    26 |    34 |     7 |       ||    67
       Mace              |       |       |    73 |       ||    73
       Flail             |       |       |    18 |       ||    18
       Rapier            |       |       |    40 |    39 ||    79
       Scythe            |       |       |     6 |     6 ||    12
       Scimitar          |       |       |       |     3 ||     3
 Cast: Sting             |    20 |    13 |    16 |     1 ||    50
       Poisonous Vapours |    21 |    29 |    44 |    11 ||   105
       Ignite Poison     |       |     7 |    18 |     5 ||    30
       Olgreb's Toxic Ra |       |     5 |    19 |     6 ||    30
       Summon Butterflie |       |       |     6 |     1 ||     7
       Foxfire           |       |       |       |     3 ||     3
Evoke: Wand              |       |       |    11 |       ||    11
  Use: Scroll            |     4 |     6 |     8 |     2 ||    20
       Potion            |       |       |     2 |     2 ||     4
 Stab: Sleeping          |     3 |     2 |     2 |       ||     7
  Eat: Chunk             |     2 |     8 |    10 |     5 ||    25
       Ration            |       |       |     2 |       ||     2
Armor: Robe              |     8 |     8 |    23 |     3 ||    42
       Skin              |       |       |       |    11 ||    11
Dodge: Dodged            |    33 |    42 |   189 |    52 ||   316
       Rpst.: Scimitar   |       |       |       |     1 ||     1
